 Dungeon Sprint DCSS version 0.17-a0-1719-g1afd5a1 (webtiles) character file.

40 Kidiri the Chopper (level 3, -4/46 HPs)
             Began as a Minotaur Gladiator on Aug 28, 2015.
             Was an Initiate of Okawaru.
             Slain by a gnoll (6 damage)
             ... in the Dungeon (Sprint VII: "The Pits").
             The game lasted 00:01:03 (398 turns).

Kidiri the Chopper (Minotaur Gladiator)              Turns: 398, Time: 00:01:03

Health: -4/46      AC:  3    Str: 25    XL:     3   Next: 30%
Magic:  1/3        EV: 13    Int:  5    God:    Okawaru [......]
Gold:   0          SH:  0    Dex: 10    Spells: 0 memorised, 2 levels left

rFire  . . .     SeeInvis .     s - +2 hand axe
rCold  . . .     Clarity  .     b - +0 leather armour
rNeg   . . .     SustAt   .     (no shield)
rPois  .         Gourm    .     c - +0 hat
rElec  .         Spirit   .     (no cloak)
rCorr  .         Warding  .     (no gloves)
rMut   .         NoTele   +     (no boots)
MR     .....                    (no amulet)
Stlth  ..........               (no ring)
                                (no ring)

@: berserking, lethally poisoned (-4 -> -5), very quick, not resistant to
hostile enchantments, extremely unstealthy
A: retaliatory headbutt, horns 2
a: Renounce Religion


You were in the Dungeon.
You worshipped Okawaru.
Okawaru was noncommittal.
You were not hungry.

You visited 1 branch

Inventory:

Hand weapons
 a - a +0 war axe
 s - a +2 hand axe (weapon)
Missiles
 d - 3 throwing nets (quivered)
Armour
 b - a +0 leather armour (worn)
 c - a +0 hat (worn)
Scrolls
 k - a scroll of blinking
 p - 3 scrolls of remove curse
 q - 5 scrolls of amnesia
 r - a scroll of summoning
Potions
 h - a potion of haste
 i - 4 potions of magic
 j - 2 potions of berserk rage
 o - 2 potions of invisibility
Comestibles
 e - 8 bread rations
 m - 40 fruits
 n - 7 meat rations


   Skills:
 + Level 3.5 Fighting
 * Level 5.1 Axes
 + Level 2.7 Throwing
 * Level 3.5 Armour
 * Level 4.7 Dodging
 + Level 1.9 Invocations


You had 2 spell levels left.
You didn't know any spells.

Dungeon Overview and Level Annotations

Branches:
Dungeon (1/1)

Altars:
Ashenzari
Cheibriados
Dithmenos
Elyvilon
Fedhas
Gozag
Kikubaaqudgha
Makhleb
Nemelex Xobeh
Okawaru
Qazlal
Ru
Sif Muna
Trog
Vehumet
Xom
Yredelemnul
Zin
The Shining One
Beogh
Jiyva
Lugonu


Innate Abilities, Weirdness & Mutations

You reflexively headbutt those who attack you in melee.
You have a pair of horns on your head.


Message History

Okawaru accepts your kill.
Your Axes skill increases to level 5!
Your Armour skill increases to level 3!
You have reached level 3!
Your experience leads to an increase in your attributes!
Your base attributes are Str 19, Int 5, Dex 10.
Increase (S)trength, (I)ntelligence, or (D)exterity?
You feel stronger.
You hit the adder. Your headbutt misses the adder.
The adder is moderately wounded.
The adder bites you.
* * * LOW HITPOINT WARNING * * *
You are poisoned.
The adder poisons you!
You slash the adder!
You kill the adder!
Okawaru accepts your kill.
* * * LOW HITPOINT WARNING * * *
You feel sick.
You barely miss the gnoll. The gnoll hits you.
You die...

############
#__________#
#__________#
#.#####+##############++
#_#)))+.+..##...........
#_#).)#.#?(##......#..#.
#######+#####...........
#.......g@.)'...........
#+#####'#####......#..#.
#..#.)# #...........
#..'..# ####+#####++
#..#### #.......# #..
#.......# #.. #.......#
##+ #...<...# #.......#


You could see a gnoll.

Vanquished Creatures
  A gnoll (D)
  An adder (D)
  2 river rats (D)
  A hobgoblin (D)
5 creatures vanquished.

Notes
Turn   | Place    | Note
--------------------------------------------------------------
     0 | D        | Kidiri the Minotaur Gladiator began the quest for the Orb.
     0 | D        | Reached XP level 1. HP: 18/18 MP: 0/0
    52 | D        | Found a sacrificial altar of Ru.
    52 | D        | Found a basalt altar of Yredelemnul.
    52 | D        | Found a shadowy altar of Dithmenos.
    52 | D        | Found a deep blue altar of Sif Muna.
    52 | D        | Found a burning altar of Makhleb.
    52 | D        | Found a shimmering altar of Xom.
    52 | D        | Found an ancient bone altar of Kikubaaqudgha.
    52 | D        | Found a sparkling altar of Nemelex Xobeh.
    53 | D        | Found a glowing golden altar of the Shining One.
    53 | D        | Found a bloodstained altar of Trog.
    53 | D        | Found a shattered altar of Ashenzari.
    53 | D        | Found a white marble altar of Elyvilon.
    53 | D        | Found a snail-covered altar of Cheibriados.
    53 | D        | Found a blossoming altar of Fedhas.
    53 | D        | Found a radiant altar of Vehumet.
    53 | D        | Found a glowing silver altar of Zin.
    53 | D        | Found a corrupted altar of Lugonu.
    53 | D        | Found a viscous altar of Jiyva.
    53 | D        | Found a roughly hewn altar of Beogh.
    53 | D        | Found an iron altar of Okawaru.
    59 | D        | Found a stormy altar of Qazlal.
    60 | D        | Found an opulent altar of Gozag.
    62 | D        | Became a worshipper of Warmaster Okawaru
   257 | D        | Reached skill level 4 in Axes
   257 | D        | Reached skill level 1 in Invocations
   257 | D        | Reached XP level 2. HP: 21/26 MP: 1/1
   395 | D        | Reached skill level 5 in Axes
   395 | D        | Reached XP level 3. HP: 4/31 MP: 1/3
   397 | D        | HP: 2/46 [poisoned by an adder]
   398 | D        | Slain by a gnoll

Vault maps used:
D:        pitsprint

Action                   || total
-------------------------++-------
Melee: Hand axe          ||    14
       War axe           ||     2
  Use: Potion            ||     3
